 Dungeon Crawl Stone Soup version 0.25.0-15-gac7dcb8 (webtiles) character file.

Game seed: 5351875031470335060

9583 pmoppi the Tainter (level 11, -6/95 HPs)
             Began as a Purple Draconian Venom Mage on June 29, 2020.
             Was a Believer of Sif Muna.
             Mangled by a death yak (26 damage)
             ... on level 9 of the Dungeon.
             The game lasted 00:24:32 (13200 turns).

pmoppi the Tainter (Purple Draconian Venom Mage)   Turns: 13200, Time: 00:24:33

Health: -6/95      AC:  9    Str: 10    XL:     11   Next: 25%
Magic:  7/24       EV: 11    Int: 25    God:    Sif Muna [**....]
Gold:   670        SH:  8    Dex: 12    Spells: 11/28 levels left

rFire    . . .     SeeInvis .   a - +4 whip
rCold    . . .     Gourm    .   x - +0 kite shield
rNeg     . . .     Faith    .   (armour unavailable)
rPois    .         Spirit   .   (helmet restricted)
rElec    .         Reflect  .   (no cloak)
rCorr    .         Harm     .   (no gloves)
MR       +....                  r - +1 pair of boots
Stlth    ++........             E - amulet of regeneration
HPRegen  0.65/turn              z - +6 ring of intelligence
MPRegen  0.19/turn              o - ring of wizardry

@: radiating poison
A: breathe power, unfitting armour, cold-blooded, AC +7
a: Breathe Dispelling Energy, Channel Magic, Renounce Religion


You were on level 9 of the Dungeon.
You worshipped Sif Muna.
Sif Muna was pleased with you.
You were near starving.

You visited 2 branches of the dungeon, and saw 11 of its levels.

You collected 670 gold pieces.

Inventory:

Hand Weapons
 a - a +4 whip (weapon)
 p - a cursed +2 scimitar
Armour
 r - a +1 pair of boots (worn)
 x - a +0 kite shield (worn)
Magical Staves
 d - an uncursed staff of death
Jewellery
 g - an uncursed ring of poison resistance
 o - a ring of wizardry (right hand)
 z - a +6 ring of intelligence (left hand)
 E - an amulet of regeneration (around neck)
Wands
 l - a wand of flame (55)
 w - a wand of disintegration (25)
 F - a wand of random effects (15)
Scrolls
 c - a scroll of remove curse
 e - 2 scrolls of teleportation
 h - 2 scrolls of enchant armour
 y - a scroll of fear
 G - 2 scrolls of amnesia
Potions
 f - a potion of ambrosia
 j - 2 potions of cancellation
 k - a potion of berserk rage
 m - a potion of invisibility {unknown}
 n - 2 potions of curing
 q - 2 potions of might {unknown}
 s - 3 potions of brilliance
 t - 3 potions of heal wounds
 u - a potion of stabbing {unknown}
 v - 3 potions of resistance {unknown}
 B - a potion of haste {unknown}
 D - 3 potions of flight
 H - 3 potions of degeneration {unknown}
 J - 2 potions of lignification {unknown}
Comestibles
 b - 17 rations


   Skills:
 + Level 8.9 Fighting
 - Level 3.0 Dodging
 - Level 1.7 Stealth
 + Level 4.6 Shields
 + Level 9.3 Spellcasting
 + Level 4.6 Conjurations
 - Level 1.0 Transmutations
 - Level 5.0 Fire Magic
 - Level 3.0 Air Magic
 - Level 10.0 Poison Magic


You had 11 spell levels left.
You knew the following spells:

 Your Spells              Type           Power        Failure   Level  Hunger
a - Sticky Flame          Conj/Fire      #####...     12%         4    #......
b - Poisonous Vapours     Pois/Air       #####.       1%          2    None
c - Olgreb's Toxic Radia  Pois           ######..     1%          4    #......
d - Ignite Poison         Fire/Tmut/Pois #####...     2%          3    None
e - Mephitic Cloud        Conj/Pois/Air  #####...     2%          3    None
f - Sting                 Tmut/Pois      ####         1%          1    None

Your spell library contained the following spells:

 Spells                   Type           Power        Failure   Level  Hunger
 Foxfire                  Conj/Fire      ####         1%          1    None
 Conjure Flame            Conj/Fire      #####...     3%          3    None
 Animate Skeleton         Necr           N/A          9%          1    None
 Apportation              Tloc           ##....       9%          1    None
 Corona                   Hex            ##.....      9%          1    None
 Summon Small Mammal      Summ           ##..         9%          1    None
 Inner Flame              Hex/Fire       ###.....     9%          3    None
 Fireball                 Conj/Fire      #####.....   30%         5    ####...


Dungeon Overview and Level Annotations

Branches:
Dungeon (10/15)            Temple (1/1) D:5             Orc (0/2) D:9
   Lair: D:8-11

Altars:
Ashenzari
Cheibriados
Dithmenos
Elyvilon
Fedhas
Gozag
Hepliaklqana
Kikubaaqudgha
Makhleb
Nemelex Xobeh
Okawaru
Qazlal
Ru
Sif Muna
Trog
Uskayaw
Vehumet
Wu Jian
Xom
Yredelemnul
Zin
The Shining One

Shops:
D:4 *


Innate Abilities, Weirdness & Mutations

You can breathe bolts of dispelling energy.
Your rich purple scales are hard. (AC +7)
You cannot fit into any form of body armour.
You are cold-blooded and may be slowed by cold attacks.


Message History

You kill the hippogriff!
Sif Muna accepts your kill. You block the death yak's attack.
The death yak barely misses you. The death yak gores you.
* * * LOW HITPOINT WARNING * * *
Things that are here:
a hippogriff corpse; a death yak corpse
Casting: Sticky Flame (dangerous; 12% risk of failure)
Confirm with . or Enter, or press ? or * to list all spells.
You ignite the poison in your surroundings!
The death yak seems to burn from within!!
The death yak is heavily wounded.
The death yak seems to burn from within!!
The death yak is severely wounded.
You block the death yak's attack.
Casting: Ignite Poison (mildly dangerous; 2% risk of failure)
Confirm with . or Enter, or press ? or * to list all spells.
You begin to radiate toxic energy.
The death yak is poisoned. x2
The death yak looks even sicker. x2; The death yak gores you!!
You die...

####################
..........†........#######
.####.#####<####.........# .# #.#
#.# #.#.#####.# .####.#####.##
#.#.# #.# .............#
#@#.#####.##
.###.#######.###Y#........#######
.##..# #...†Y................
.....# #.###.#..####..#######
.##..# ########### ##### .##..#
##.###8###8###.######### .##..#
##...#...#...#...#.≈≈≈#..
.##..####).).............#.§§≈###
.##.....))...............'..§§#


You could see 2 death yaks.

Vanquished Creatures
  A two-headed ogre (D:8)
  6 death yaks
  Grinder (D:4)
  Sigmund (D:5)
  2 hippogriffs
  4 yaks (D:9)
  Eustachio (D:4)
  2 wyverns
  A hungry ghost (D:7)
  Duvessa (D:5)
  A sky beast (D:8)
  6 orc warriors
  An ice beast (D:9)
  2 phantoms
  3 ogres
  A centaur (D:9)
  A big kobold (D:8)
  Blork the orc (D:5)
  A bullfrog (D:8)
  Dowan (D:5)
  A killer bee (D:9)
  4 wights (D:9)
  4 howler monkeys
  5 crimson imps
  6 orc priests
  A bullfrog zombie (D:5)
  3 hounds
  A centaur skeleton (D:5)
  9 orc wizards
  An iguana (D:9)
  Natasha (thrice) (D:4)
  8 worker ants
  A hound zombie (D:5)
  A howler monkey zombie (D:8)
  A worker ant zombie (D:4)
  9 gnolls
  10 adders
  A shadow imp (D:6)
  3 worms
  2 dart slugs
  6 leopard geckos
  39 orcs
  4 ball pythons
  10 bats
  5 giant cockroaches
  7 goblins
  3 hobgoblins (D:1)
  14 jackals
  3 quokkas
  4 frilled lizards
  13 kobolds
  A leopard gecko skeleton (D:7)
  A leopard gecko zombie (D:3)
  A quokka zombie (D:5)
  10 rats
233 creatures vanquished.

Vanquished Creatures (others)
  A plant (D:10)
1 creature vanquished.

Grand Total: 234 creatures vanquished

Notes
Turn   | Place    | Note
-------+----------+-------------------------------------------
     0 | D:1      | pmoppi the Draconian Venom Mage began the quest for the
                  | Orb.
     0 | D:1      | Reached XP level 1. HP: 14/14 MP: 3/3
   349 | D:1      | Reached XP level 2. HP: 18/22 MP: 0/5
   563 | D:1      | Learned a level 2 spell: Poisonous Vapours
  1525 | D:2      | Reached skill level 1 in Fighting
  1525 | D:2      | Reached XP level 3. HP: 28/28 MP: 2/6
  2196 | D:2      | Reached XP level 4. HP: 28/35 MP: 2/7
  2365 | D:2      | Reached skill level 1 in Air Magic
  2630 | D:1      | Learned a level 4 spell: Olgreb's Toxic Radiance
  2633 | D:2      | Reached skill level 4 in Poison Magic
  2933 | D:2      | Found a bloodstained altar of Trog.
  2938 | D:2      | Found a snail-covered altar of Cheibriados.
  2938 | D:2      | Found an iron altar of Okawaru.
  2954 | D:2      | Reached XP level 5. HP: 4/41 MP: 1/9
  3237 | D:2      | Found a hazy altar of Hepliaklqana.
  3237 | D:2      | Found a glowing golden altar of the Shining One.
  3237 | D:2      | Found a shimmering altar of Xom.
  4149 | D:3      | Found an iron altar of Okawaru.
  4190 | D:3      | Found a burning altar of Makhleb.
  4193 | D:3      | Found a bloodstained altar of Trog.
  4196 | D:3      | Found a shattered altar of Ashenzari.
  4311 | D:4      | Noticed Natasha
  4314 | D:4      | Killed Natasha
  4465 | D:4      | Reached XP level 6. HP: 41/48 MP: 10/10
  4807 | D:4      | Reached skill level 5 in Poison Magic
  4902 | D:4      | Found a white marble altar of Elyvilon.
  4912 | D:4      | Found Ytaidet's Assorted Antiques.
  4920 | D:4      | Noticed Eustachio
  5000 | D:4      | Killed Eustachio
  5000 | D:4      | Your scales start taking on a rich purple colour.
  5000 | D:4      | Reached XP level 7. HP: 42/57 MP: 1/13
  5099 | D:4      | Noticed Natasha
  5101 | D:4      | Killed Natasha
  5156 | D:4      | Found a snail-covered altar of Cheibriados.
  5378 | D:4      | Noticed Grinder
  5395 | D:4      | Killed Grinder
  5395 | D:4      | Reached skill level 6 in Poison Magic
  5545 | D:4      | Learned a level 3 spell: Ignite Poison
  5603 | D:4      | Noticed Natasha
  5605 | D:4      | Killed Natasha
  5707 | D:5      | Entered Level 5 of the Dungeon
  5725 | D:5      | Found a glowing silver altar of Zin.
  5734 | D:5      | Noticed Blork the orc
  5739 | D:5      | Killed Blork the orc
  5739 | D:5      | Reached skill level 5 in Spellcasting
  5903 | D:5      | Found a staircase to the Ecumenical Temple.
  5924 | Temple   | Entered the Ecumenical Temple
  6169 | Temple   | Became a worshipper of Sif Muna the Loreminder
  6483 | D:5      | Noticed Sigmund
  6485 | D:5      | Noticed Dowan
  6488 | D:5      | Killed Sigmund
  6488 | D:5      | Reached skill level 1 in Fire Magic
  6488 | D:5      | Reached XP level 8. HP: 58/66 MP: 1/15
  6490 | D:5      | Noticed Duvessa
  6506 | D:5      | Killed Dowan
  6540 | D:5      | Killed Duvessa
  6761 | D:5      | Reached skill level 7 in Poison Magic
  7378 | D:6      | Reached * piety under Sif Muna
  7378 | D:6      | Reached skill level 5 in Fighting
  8516 | D:7      | Reached XP level 9. HP: 56/74 MP: 5/18
  8550 | D:7      | Reached skill level 8 in Poison Magic
  9017 | D:7      | Found a sacrificial altar of Ru.
  9353 | D:8      | Learned a level 3 spell: Mephitic Cloud
  9879 | D:8      | Reached skill level 9 in Poison Magic
 10088 | D:8      | Noticed a two-headed ogre
 10099 | D:8      | Killed a two-headed ogre
 10235 | D:8      | Reached ** piety under Sif Muna
 10743 | D:6      | Learned a level 4 spell: Sticky Flame
 10949 | D:8      | Found a snail-covered altar of Cheibriados.
 11034 | D:9      | Reached XP level 10. HP: 84/84 MP: 11/21
 11533 | D:9      | Reached skill level 1 in Shields
 11533 | D:9      | Reached skill level 1 in Conjurations
 11534 | D:9      | Reached skill level 10 in Poison Magic
 11897 | D:9      | Found a blossoming altar of Fedhas.
 12322 | D:9      | Found a staircase to the Orcish Mines.
 12687 | D:10     | Entered Level 10 of the Dungeon
 12687 | D:10     | Noticed a death yak
 12688 | D:10     | Noticed a death yak
 12695 | D:10     | Killed a death yak
 12695 | D:10     | Reached skill level 5 in Fire Magic
 12695 | D:10     | Killed a death yak
 12695 | D:10     | Noticed a death yak
 12695 | D:10     | Noticed a death yak
 12816 | D:10     | Noticed a death yak
 12817 | D:10     | Noticed a death yak
 12929 | D:9      | Killed a death yak
 13006 | D:10     | Noticed a death yak
 13006 | D:10     | Noticed a death yak
 13013 | D:9      | Killed a death yak
 13013 | D:9      | Reached XP level 11. HP: 81/95 MP: 11/24
 13088 | D:9      | Killed a death yak
 13090 | D:9      | Killed a death yak
 13200 | D:9      | Mangled by a death yak

Illustrated notes

Levels and vault maps discovered:
D:1:      zelgadis_glass_arrival_small, layout_loops_ring
D:2:      layout_loops_ring, minivault_11, minmay_misc_feat_columns,
          doesnt_xom_only_xom
D:3:      layout_rooms, grunt_temple_overflow_diamond, okawaru_gym_becter
D:4:      layout_basic, elyvilon_altar_5, first_ration, serial_shops, shop,
          cheibriados_altar_1, uniq_eustachio, uniq_grinder, uniq_natasha
D:5:      layout_loops_ring, lemuel_crystal_altar,
          minmay_temple_entry_statues_fountains, saegor_snake_ambush,
          uniq_sigmund, uniq_blork_the_orc, uniq_duvessa
D:6:      layout_basic, minmay_misc_feat_square
D:7:      layout_loops_corners, lemuel_coloured_pillars_altar,
          palyth_stone_intersect
D:8:      layout_layer_cave, kennysheep_mini, blue_anna_alchemist
          [blue_anna_fruit_fields, blue_anna_fruit_fields]
D:9:      layout_loops_ring, fedhas_altar_3, david_orc_4
D:10:     layout_cave_pools, dpeg_lair_monsters, serial_gnoll_camp,
          gnoll_camp_mini_hut, gnoll_camp_mini_hut, gnoll_camp_mini_loothouse,
          gnoll_camp_huts_basic, worms_lemuel, uniq_maggie
Temple:   minmay_temple_curvy_branch

Skill      XL: |  1  2  3  4  5  6  7  8  9 10 |
---------------+-------------------------------+-----
Dodging        | 2 3 |  3.0
Fighting       | 1 2 3 4 5 6 8 |  8.9
Air Magic      | 1 2 3 |  3.0
Poison Magic   | 4 5 6 7 9 10 | 10.0
Spellcasting   | 3 4 5 6 7 9 |  9.3
Fire Magic     | 1 3 4 5 |  5.0
Shields        | 4 |  4.6
Conjurations   | 4 |  4.6
Stealth        | |  1.7
Transmutations | |  1.0

Action                   |  1- 3 |  4- 6 |  7- 9 | 10-12 || total
-------------------------+-------+-------+-------+-------++-------
Melee: Unarmed           |    33 |     4 |       |       ||    37
       Tailslap          |     2 |     6 |     9 |     7 ||    24
       Halberd           |       |    99 |   155 |       ||   254
       Club              |       |     1 |       |       ||     1
       Whip              |       |       |       |    85 ||    85
 Cast: Sting             |    36 |     3 |       |       ||    39
       Poisonous Vapours |    16 |    60 |    76 |    29 ||   181
       Olgreb's Toxic Ra |       |     3 |     6 |    15 ||    24
       Ignite Poison     |       |       |    16 |    17 ||    33
       Mephitic Cloud    |       |       |     1 |       ||     1
       Sticky Flame      |       |       |       |     9 ||     9
 Abil: Breathe Dispellin |       |       |     2 |     2 ||     4
  Use: Scroll            |       |     9 |     8 |     2 ||    19
 Stab: Sleeping          |     1 |     1 |     2 |     2 ||     6
  Eat: Chunk             |     5 |    14 |    17 |     5 ||    41
       Ration            |       |       |     1 |     1 ||     2
Armor: Skin              |    17 |    43 |    33 |    37 ||   130
Dodge: Dodged            |    29 |    89 |   110 |    54 ||   282
Block: Kite shield       |       |       |     2 |    23 ||    25
